 Dungeon Crawl Stone Soup version 0.21.1-1-g345015f (webtiles) character file.

251 iamserjio the Sneak (level 6, 0/44 HPs)
             Began as an Octopode Monk on Apr 8, 2018.
             Succumbed to Crazy Yiuf's poison
             ... on level 3 of the Dungeon.
             The game lasted 00:08:05 (3015 turns).

iamserjio the Sneak (Octopode Monk)                 Turns: 3015, Time: 00:08:05

Health: 0/44       AC:  1    Str: 10    XL:     6   Next: 13%
Magic:  1/6        EV: 15    Int: 12    God:
Gold:   133        SH:  4    Dex: 17    Spells: 5/5 levels left

rFire    . . .     SeeInvis .   a - +0 short sword
rCold    . . .     Gourm    .   j - +0 buckler
rNeg     . . .     Faith    .   (helmet restricted)
rPois    .         Spirit   .   i - amulet of rage
rElec    .         Reflect  .   (no ring)
rCorr    .         Harm     .   (no ring)
MR       .....                  (no ring)
Stlth    ++++......             (no ring)
HPRegen  0.14/turn              (no ring)
MPRegen  0.10/turn              (no ring)
                                (no ring)
                                (no ring)

@: lethally poisoned (0 -> -7)
A: almost no armour, stealthy swim, amphibious, 8 rings, constrict 8, camouflage
1, gelatinous body 1
a: Evoke Berserk Rage


You were on level 3 of the Dungeon.
You were hungry.

You visited 1 branch of the dungeon, and saw 3 of its levels.

You collected 133 gold pieces.

Inventory:

Hand Weapons
 a - a +0 short sword (weapon)
 f - a +2 dagger of pain
Armour
 j - a +0 buckler (worn)
Jewellery
 c - an uncursed ring of positive energy {unknown}
 i - an amulet of rage (around mantle)
 k - an uncursed ring of ice
Scrolls
 e - 3 scrolls of teleportation
 g - a scroll of remove curse
 m - a scroll of enchant armour {unknown}
Comestibles
 b - 8 rations
 h - 4 chunks of flesh


   Skills:
 * Level 4.6 Fighting
 - Level 3.3 Short Blades
 * Level 4.6 Dodging
 + Level 4.6 Stealth


You had 5 spell levels left.
You didn't know any spells.

Dungeon Overview and Level Annotations

Branches:
Dungeon (3/15)

Altars:
Cheibriados
Dithmenos
Makhleb
Trog

Annotations:
D:3 Grinder


Innate Abilities, Weirdness & Mutations

You cannot wear most types of armour.
You are very stealthy in the water. (Stealth+)
You are amphibious.
You can wear up to eight rings at the same time.
You can use your tentacles to constrict eight enemies at once.
Your skin changes colour to match your surroundings (Stealth+).
Your rubbery body absorbs attacks. (AC +1, EV +1)


Message History

a quarterstaff of chaos; a runed cloak; a wand of digging (14) the gnoll corpse of Crazy Yiuf You aren't carrying any potions.
There is a lethal amount of poison in your body!
There is a lethal amount of poison in your body!
There is a lethal amount of poison in your body!
There is a lethal amount of poison in your body!
There is a lethal amount of poison in your body!
You aren't carrying any potions.
There is a lethal amount of poison in your body!
There is a lethal amount of poison in your body!
There is a lethal amount of poison in your body!
There is a lethal amount of poison in your body!
* * * LOW HITPOINT WARNING * * *
You feel sick.
* * * LOW HITPOINT WARNING * * *
You feel sick.
* * * LOW HITPOINT WARNING * * *
You feel sick.
You die...

♣♣.♣♣
#...........
♣♣.♣
#####....##.
♣.♣♣ ###..##.
♣♣.♣
######....((
♣.♣♣
#....#....##
##'##
####......#
#...# ##.....##
#...# #.......#
#)@.# #........
#####
####.......#
#..........#
####...........
#.#.###.######.
###.#.# #.# #.
#.....# #.# ##
#..#### #.# #
######.#######.#
#


There were no monsters in sight!

Vanquished Creatures
  Crazy Yiuf (D:3)
  Natasha (twice) (D:3)
  A hound skeleton (D:2)
  7 adders
  An ooze (D:3)
  4 worms
  A dart slug (D:1)
  6 leopard geckos
  2 orcs (D:3)
  10 giant cockroaches
  11 goblins
  6 hobgoblins
  4 jackals (D:1)
  2 quokkas (D:2)
  3 bats
  2 frilled lizards
  3 kobolds
  6 rats
72 creatures vanquished.

Notes
Turn   | Place    | Note
-------+----------+-------------------------------------------
     0 | D:1      | iamserjio the Octopode Monk began the quest for the Orb.
     0 | D:1      | Reached XP level 1. HP: 16/16 MP: 1/1
   192 | D:1      | Reached XP level 2. HP: 21/21 MP: 2/2
   742 | D:1      | Reached XP level 3. HP: 26/26 MP: 3/3
  1437 | D:2      | Reached XP level 4. HP: 32/32 MP: 4/4
  1887 | D:2      | Reached XP level 5. HP: 33/37 MP: 5/5
  2311 | D:3      | Found a bloodstained altar of Trog.
  2312 | D:3      | Found a snail-covered altar of Cheibriados.
  2312 | D:3      | Found a burning altar of Makhleb.
  2313 | D:3      | Found a shadowy altar of Dithmenos.
  2335 | D:3      | Noticed Natasha
  2336 | D:3      | Noticed Grinder
  2388 | D:3      | Killed Natasha
  2579 | D:3      | Noticed Natasha
  2587 | D:3      | Killed Natasha
  2971 | D:3      | Reached XP level 6. HP: 44/44 MP: 6/6
  2997 | D:3      | Found a runed door.
  3001 | D:3      | Noticed Crazy Yiuf
  3010 | D:3      | Killed Crazy Yiuf
  3013 | D:3      | HP: 2/44 [poisoned by Crazy Yiuf]
  3015 | D:3      | Succumbed to Crazy Yiuf's poison

Skill      XL: |  1  2  3  4 |
---------------+-------------+-----
Stealth        | 3 4 |  4.6
Fighting       | 4 |  4.6
Dodging        | 4 |  4.6
Short Blades   | |  3.3

Action                   |  1- 3 |  4- 6 || total
-------------------------+-------+-------++-------
Melee: Short sword       |    55 |    99 ||   154
       Constrict         |    10 |    24 ||    34
       Tentacles         |     8 |    17 ||    25
  Use: Scroll            |       |     5 ||     5
 Stab: Sleeping          |    11 |    14 ||    25
  Eat: Chunk             |       |     6 ||     6
Armor: Skin              |     2 |     7 ||     9
Dodge: Dodged            |    30 |    55 ||    85
Block: Buckler           |       |     7 ||     7
